[Event "Late-Titled-Tuesday-Blitz-October-17-2023"]
[Site "Chess.com"]
[Date "2023.10.17"]
[Round "11"]
[White "PawnEatingZombie"]
[Black "victormago"]
[Result "0-1"]
[WhiteElo "2276"]
[BlackElo "2433"]
[TimeControl "180+1"]
[EndTime "16:01:20 PDT"]
[Termination "victormago won on time"]

1. e4 c5 2. c3 d5 3. exd5 Qxd5 4. d4 g6 5. Nf3 Bg7 6. Na3 cxd4 7. Nb5 Qd8 8. Nbxd4 Nf6 9. Bb5+ Bd7 10. O-O O-O 11.
Bg5 Bxb5 12. Nxb5 Qb6 13. Qb3 Nc6 14. Be3 Qd8 15. Rad1 Qc8 16. Bf4 b6 17. h3 Qb7 18. Bh2 Rac8 19. Ne5 Nxe5 20. Bxe5 Rfd8 21. Rfe1 a6 22. Nd4 Rd5 23. Nf3 Rcd8 24. Rxd5 Rxd5 25. a4 Qc6 26. Bd4 b5 27. Rxe7 bxa4 28. Qb8+ Bf8 29. Bxf6 Qxf6 30. Re8 Rd1+ 31. Kh2 Qd6+ 32. Qxd6 Rxd6 33.
Nd4 Rb6 34. Ra8 Rxb2 35. Rxa6 a3 36. c4 Rxf2 37. Nb5 a2 38. Nc3 Rc2 39. Nxa2 Rxc4 40. Ra8 Kg7 41. g3 Bd6 42. Rd8 Bc7 43. Rd2 h5 44. Kg2 Be5 0-1

[Event "Late-Titled-Tuesday-Blitz-October-17-2023"]
[Site "Chess.com"]
[Date "2023.10.17"]
[Round "11"]
[White "Elbebiber"]
[Black "Bala-Afiada"]
[Result "1-0"]
[WhiteElo "2136"]
[BlackElo "1913"]
[TimeControl "180+1"]
[EndTime "16:01:21 PDT"]
[Termination "Elbebiber won by resignation"]

1. d4 d5 2. Nf3 Nf6 3. Bg5 e6 4. e3 c5 5. c3 Nc6 6. Bd3 Be7 7. O-O Qb6 8. b3 O-O 9. Re1 h6 10. Bh4 Qd8 11. Nbd2 a6 12. Rc1 b5 13. Qe2 c4 14.
Bb1 cxb3 15. Nxb3 Na5 16. Ne5 Nxb3 17. axb3 Bb7 18. Bd3 Rc8 19. c4 dxc4 20. bxc4 bxc4 21. Bxc4 Nd5 22. Bg3 Bd6 23. Bxa6 Bxa6 24. Qxa6 Ra8 25. Qc6 Bxe5 26. Bxe5 Qa5 27. Qc5 Qd2 28. Qc2 Qa5 29. h3 Qa6 30. Qe2 Qa3 31. Qg4 g6 32. Qg3 Rfc8 33. Rxc8+ Rxc8 34. Rf1 Rc1 35. Rxc1 Qxc1+ 36. Kh2 Qc2 37. Bf4 Nxf4 38. Qxf4 Kg7 39. Qf3 Qc7+ 40.
g3 Qc2 41. Kg2 h5 42. Qf4 Qc8 43. h4 Qd7 44. Qe5+ Kh7 45. Qe4 Kg7 46. Qf3 Kh7 47. g4 Kg7 48. gxh5 gxh5 49. Qxh5 Qb7+ 50. Qf3 Qc7 51. Qg3+ Kf8 52. Qxc7 1-0

[Event "Late-Titled-Tuesday-Blitz-October-17-2023"]
[Site "Chess.com"]
[Date "2023.10.17"]
[Round "11"]
[White "GlavkonVVS"]
[Black "NormWeinstein"]
[Result "0-1"]
[WhiteElo "2511"]
[BlackElo "2419"]
[TimeControl "180+1"]
[EndTime "16:01:22 PDT"]
[Termination "NormWeinstein won on time"]

1. c4 c5 2. Nc3 Nf6 3. g3 e6 4. Bg2 d5 5. Nf3 Nc6 6. O-O Be7 7.
d3 O-O 8. Bd2 b6 9. a3 Bb7 10.
cxd5 Nxd5 11. Nxd5 Qxd5 12. Bc3 Qd7 13. Qa4 Rac8 14.
b4 cxb4 15. axb4 a6 16. b5 axb5 17. Qxb5 Nb8 18. Qb2 f6 19. Rfc1 Qd8 20. Bh3 Kf7 21. Nd4 f5 22. e4 Bf6 23. exf5 Rxc3 24. fxe6+ Kg8 25. Qxc3 Bxd4 26. e7 Bxf2+ 27. Kf1 Qxe7 28. Qc4+ Kh8 29. Qe6 Qg5 30. Qd6 Bc5+ 31. Qxf8+ Bxf8 32. Rc7 Qd5 33. Rxb7 Qxb7 34. Bg2 Qc7 35. Ra8 g6 36. Be4 Kg7 37. Kg2 Bc5 38. h4 Nd7 39. h5 Nf6 40. hxg6 Nxe4 41. dxe4 hxg6 0-1

[Event "Late-Titled-Tuesday-Blitz-October-17-2023"]
[Site "Chess.com"]
[Date "2023.10.17"]
[Round "11"]
[White "Mikhal867"]
[Black "acertijo08"]
[Result "0-1"]
[WhiteElo "2414"]
[BlackElo "2366"]
[TimeControl "180+1"]
[EndTime "16:01:23 PDT"]
[Termination "acertijo08 won by checkmate"]

1. e4 c5 2. Nf3 d6 3. Bb5+ Bd7 4. Bxd7+ Qxd7 5. c4 Nc6 6. Nc3 g6 7. d4 cxd4 8. Nxd4 Bg7 9. Be3 Nf6 10. f3 O-O 11.
O-O a6 12. Na4 Qc7 13. Rc1 Nd7 14. a3 Rac8 15. b4 Nce5 16. c5 dxc5 17. Nxc5 Nxc5 18. Rxc5 Qb8 19. f4 Rxc5 20. bxc5 Nc4 21. Bc1 Rd8 22.
e5 Qc7 23. Rf3 Qxc5 24. Rd3 f6 25. Kh1 fxe5 26. Ne6 Rxd3 27. Qxd3 Qc8 28. Nxg7 Kxg7 29. fxe5 b5 30. h3 Qe6 31. Bf4 Nxe5 32. Qc3 Kf6 33. g4 g5 34. Bg3 h6 35. Qd4 Qc6+ 36.
Kh2 Qc2+ 37. Kg1 Qc1+ 38. Kf2 Qc2+ 39. Ke3 Qb3+ 40. Kd2 Qxg3 41. Qb6+ e6 42. Qd8+ Kg7 43. Qc7+ Kg6 44. Qc2+ Kf6 45. Qh7 Nc4+ 46. Kc2 Qf2+ 47. Kc3 Qd2+ 48. Kb3 Qb2# 0-1

[Event "Late-Titled-Tuesday-Blitz-October-17-2023"]
[Site "Chess.com"]
[Date "2023.10.17"]
[Round "11"]
[White "h4parah5"]
[Black "K_A_S_T_O_R"]
[Result "1-0"]
[WhiteElo "2944"]
[BlackElo "2870"]
[TimeControl "180+1"]
[EndTime "16:01:25 PDT"]
[Termination "h4parah5 won by resignation"]

1. d4 Nf6 2. c4 e6 3. Nc3 Bb4 4. e3 O-O 5. Bd3 d5 6. a3 Bxc3+ 7. bxc3 dxc4 8. Bxc4 c5 9. Nf3 Qc7 10. Be2 b6 11. O-O Bb7 12. Bb2 Nbd7 13. c4 cxd4 14. exd4 Rac8 15. Rc1 Rfd8 16. Qb3 Ng4 17. g3 Qc6 18.
Rfd1 Qe4 19. Re1 Qf5 20. h3 Ngf6 21. Kh2 h6 22. Qe3 Qe4 23. Qxe4 Bxe4 24. a4 Rc7 25.
Ba3 Rdc8 26. Nd2 Bc6 27. Bd6 Rb7 28. Ra1 Ne4 29. Nxe4 Bxe4 30. c5 bxc5 31. Ba6 Bd5 32. dxc5 Nxc5 33. Rec1 Rc6 34. Bxb7 Rxd6 35. Bxd5 Rxd5 36.
Rc2 a5 37. Kg2 g5 38. Rc4 Nd3 39. Rb1 Rf5 40. Rc2 Re5 41. Kf1 Re4 42. Rb3 Nb4 43. Rc5 Nd5 44. Rxa5 Rc4 45. Rb2 Rc1+ 46. Kg2 Ra1 47.
Ra7 Ra3 48. Rbb7 Ra2 49. Rxf7 Ne3+ 50. Kf3 Nd1 51. Kg4 Nxf2+ 52. Kh5 1-0

[Event "Late-Titled-Tuesday-Blitz-October-17-2023"]
[Site "Chess.com"]
[Date "2023.10.17"]
[Round "11"]
[White "dianamirza"]
[Black "expii"]
[Result "0-1"]
[WhiteElo "1991"]
[BlackElo "2243"]
[TimeControl "180+1"]
[EndTime "16:01:27 PDT"]
[Termination "expii won on time"]

1. d4 d5 2. Nf3 e6 3. e3 c5 4.
b3 Nc6 5. Bb2 Nf6 6. Nbd2 Be7 7. Bd3 O-O 8. O-O h6 9. Ne5 a6 10. f4 Bd7 11. Qf3 b5 12. c4 cxd4 13.
cxd5 exd5 14. Nxc6 Bxc6 15. Bxd4 Re8 16. g4 Ne4 17. Qg2 Bf6 18. Nf3 Bb7 19. Ne5 Bxe5 20. Bxe5 f6 21. Bd4 Qd6 22. Rac1 Rac8 23. Qb2 Qd7 24.
h3 Rxc1 25. Rxc1 Rc8 26. Kh2 h5 27. g5 Rxc1 28. Qxc1 fxg5 29. Bxe4 dxe4 30. fxg5 Bc8 31. Qf1 Qd6+ 32. Qf4 Qe6 33. Qg3 Qf5 34. Kg2 Kh7 35.
g6+ Qxg6 36. Qxg6+ Kxg6 37. Kg3 Kf7 38. Kh4 g6 39.
Kg3 Bf5 40. h4 Ke6 41. Kf4 Kd5 42. b4 Bg4 43. a3 Bf5 44. Bc5 Kc4 45. Ke5 Kb3 46.
Kd6 Kxa3 47. Kc7 Bg4 48. Kb6 Kb3 49. Kxa6 Kc4 0-1

[Event "Late-Titled-Tuesday-Blitz-October-17-2023"]
[Site "Chess.com"]
[Date "2023.10.17"]
[Round "11"]
[White "Hasangatin_Ramil"]
[Black "GMKrikor"]
[Result "0-1"]
[WhiteElo "2716"]
[BlackElo "2822"]
[TimeControl "180+1"]
[EndTime "16:01:29 PDT"]
[Termination "GMKrikor won by resignation"]

1. e4 e6 2. d3 d5 3. Qe2 Nc6 4. Nf3 e5 5. g3 Nf6 6. Bg2 dxe4 7.
dxe4 Bc5 8. O-O O-O 9. c3 a5 10. Nh4 b6 11. Rd1 Ba6 12. Qf3 Qe8 13. Bg5 Nd7 14.
Bh3 Bc8 15. Nd2 f6 16. Be3 Bxe3 17. Qxe3 Rf7 18. Nf1 Nc5 19. Bxc8 Rxc8 20. Qe2 g6 21. Qc4 Kg7 22. Ne3 Qe6 23. Rd5 Nb7 24. Rad1 Ne7 25. Rd7 Qxc4 26. Nxc4 Nc5 27. Rd8 Nxe4 28. R1d7 Rxd8 29.
Rxd8 Nc6 30. Rc8 Nc5 31. Ng2 Rd7 32. Nge3 a4 33. Kg2 Ne7 34. Ra8 b5 35. Na5 c6 36.
b4 axb3 37. axb3 Kf7 38. b4 Ne4 39. c4 Rd2 40. Ra7 Ke6 41. Nb7 Rxf2+ 42. Kg1 Rd2 43. Nc5+ Kf7 44. Ng4 Nxc5 45. bxc5 bxc4 46. Nh6+ Ke6 47.
Ra4 c3 0-1

[Event "Late-Titled-Tuesday-Blitz-October-17-2023"]
[Site "Chess.com"]
[Date "2023.10.17"]
[Round "11"]
[White "zajka-molotok"]
[Black "ozates"]
[Result "0-1"]
[WhiteElo "2561"]
[BlackElo "2709"]
[TimeControl "180+1"]
[EndTime "16:01:31 PDT"]
[Termination "ozates won on time"]

1. e4 e5 2. Nf3 Nc6 3. Nc3 g6 4. d4 exd4 5. Nd5 d6 6. Bg5 f6 7.
Bh4 Bg7 8. Nxd4 Nxd4 9. Qxd4 c6 10. Nc3 Qb6 11. Qxb6 axb6 12. Bg3 f5 13. Bxd6 fxe4 14. Nxe4 Bxb2 15. Rb1 Rxa2 16. Bc4 Ra1 17. Rxa1 Bxa1 18.
Bxg8 Rxg8 19. O-O Bg7 20. Bc7 Bf5 21. Re1 Kd7 22. Bxb6 Bxe4 23. Rxe4 Ra8 24. g4 Ra1+ 25. Kg2 Rb1 26. Bc5 Bf6 27. f4 b6 28. Bf8 Rb2 29. Re2 c5 30. g5 Bd8 31. Kf3 Rb4 32. h4 Rc4 33. Bg7 b5 34. Be5 b4 35. Rd2+ Ke8 36. Re2 Kf7 37. Rd2 Be7 38. Kg4 Re4 39. Rd7 Ke6 40. Rb7 c4 41. Rb6+ Kf7 42. Rb7 Re2 43. Bd6 b3 44. cxb3 c3 0-1

[Event "Late-Titled-Tuesday-Blitz-October-17-2023"]
[Site "Chess.com"]
[Date "2023.10.17"]
[Round "11"]
[White "GianmarcoVaR"]
[Black "luizzy"]
[Result "1-0"]
[WhiteElo "2705"]
[BlackElo "2568"]
[TimeControl "180+1"]
[EndTime "16:01:32 PDT"]
[Termination "GianmarcoVaR won by resignation"]

1. e4 d6 2. d4 Nf6 3. Bd3 c5 4. c3 g6 5. Nf3 Bg7 6. O-O O-O 7. Re1 Bg4 8. Nbd2 Nc6 9. h3 Bxf3 10. Nxf3 Rc8 11. Be3 Qb6 12. Qe2 cxd4 13. Nxd4 Qa5 14. Nb3 Qc7 15. f4 Nd7 16. h4 h5 17. Nd2 Nc5 18. Bc2 e6 19. Nf3 Ne7 20. Ng5 d5 21.
e5 Nf5 22. Bf2 Nh6 23. Kh1 Rfd8 24. Rad1 a6 25. Bd4 b5 26. a3 Nd7 27. Rg1 Ng4 28.
Rd3 Nf8 29. Rg3 Nh7 30. Nxe6 fxe6 31. Bxg6 Rf8 32. Rxg4 hxg4 33. Qxg4 Bh6 34. Bf5+ Kh8 35. Bxe6 Rxf4 36. Qh3 Rcf8 37. Bxd5 Qe7 38. g3 Rf2 39. e6+ Bg7 40. Bxf2 Kg8 41. Bd4 Bxd4 42. cxd4 Qd6 43. Qg4+ Kh8 44. Be4 Qxd4 45. Qg6 Qg7 46. Qxh7+ Qxh7 47. Bxh7 Kxh7 48. e7 Re8 49. Re1 Kg7 50. Kg2 1-0

[Event "Late-Titled-Tuesday-Blitz-October-17-2023"]
[Site "Chess.com"]
[Date "2023.10.17"]
[Round "11"]
[White "effefe"]
[Black "Mariia89"]
[Result "1-0"]
[WhiteElo "2354"]
[BlackElo "2129"]
[TimeControl "180+1"]
[EndTime "16:01:32 PDT"]
[Termination "effefe won by checkmate"]

1. d4 Nf6 2. c4 c5 3. d5 b5 4.
cxb5 a6 5. bxa6 Bxa6 6. Nc3 d6 7. e4 Bxf1 8. Kxf1 g6 9. Nf3 Bg7 10. g3 O-O 11. Kg2 Nbd7 12. a4 Qb6 13. Qc2 Rfb8 14.
Ra3 Ng4 15. Nb5 Rc8 16. h3 Ngf6 17. Re1 Ne8 18. Bg5 Nc7 19. Bxe7 Nxb5 20. axb5 Rxa3 21. bxa3 Re8 22. Bg5 Qxb5 23. Bf4 Qa6 24. Re3 c4 25. Nd2 c3 26. Nb1 Rc8 27. h4 h5 28. a4 Qc4 29.
Na3 Qb4 30. Nb5 Qb2 31. Re2 Ne5 32. Nxd6 Rb8 33. Nb5 Qxc2 34. Rxc2 Nd3 35. Bxb8 Nb4 36. Rxc3 Bxc3 37. Nxc3 Na6 38. Bd6 Kg7 39. Nb5 Kf6 40.
Nc7 Nb8 41. Ne8# 1-0

[Event "Late-Titled-Tuesday-Blitz-October-17-2023"]
[Site "Chess.com"]
[Date "2023.10.17"]
[Round "11"]
[White "Siemba"]
[Black "Binary010"]
[Result "0-1"]
[WhiteElo "2583"]
[BlackElo "2796"]
[TimeControl "180+1"]
[EndTime "16:01:36 PDT"]
[Termination "Binary010 won on time"]

1. e4 e5 2. Nf3 Nc6 3. Bc4 Bc5 4. c3 Nf6 5. d4 exd4 6. b4 Bb6 7. e5 d5 8. exf6 dxc4 9. Qe2+ Be6 10. b5 d3 11.
Qe4 Qd5 12. Qxd5 Bxd5 13. bxc6 Bxc6 14. fxg7 Rg8 15. Bh6 O-O-O 16. O-O Bxf3 17. gxf3 Rd6 18. Bf4 Rxg7+ 19. Bg3 Ba5 20. Nd2 b5 21. Rab1 a6 22. a4 Rd5 23. axb5 axb5 24. Rfc1 c6 25. Kf1 Rg6 26.
Bf4 Bc7 27. Bg3 f5 28. Bxc7 Kxc7 29. Ra1 Kb6 30. Ra8 Re5 31. Rb8+ Kc5 32. f4 Re2 33. Rd1 Rg4 34. Rf8 Rxf4 35. f3 Rxh2 36. Kg1 Re2 37. Rh8 Rh4 38. Rf8 Rhh2 39. Rxf5+ Kb6 40. Ne4 Reg2+ 41. Kf1 Rc2 42. Kg1 Rcg2+ 43. Kf1 Rc2 44. Kg1 h5 45. Rg5 h4 46. f4 Rce2 47. Nd6 h3 48. f5 d2 0-1

[Event "Late-Titled-Tuesday-Blitz-October-17-2023"]
[Site "Chess.com"]
[Date "2023.10.17"]
[Round "11"]
[White "AlexNovitz"]
[Black "Heinza9"]
[Result "0-1"]
[WhiteElo "2223"]
[BlackElo "2323"]
[TimeControl "180+1"]
[EndTime "16:01:36 PDT"]
[Termination "Heinza9 won on time"]

1. e4 e5 2. Nc3 Nf6 3. f4 d5 4. fxe5 Nxe4 5. d3 Nxc3 6. bxc3 d4 7.
Nf3 dxc3 8. d4 Bg4 9. Be3 Be7 10.
h3 Be6 11. Bd3 Nc6 12. O-O Nb4 13. Be4 c6 14. Qe1 Bc4 15. Qg3 g6 16. Rf2 h5 17.
Bg5 Bd5 18. Bxe7 Qxe7 19. Ng5 h4 20. Qe3 O-O-O 21. a3 Bxe4 22. Nxe4 Nd5 23. Qf3 Rd7 24. Nxc3 Qg5 25. Nxd5 cxd5 26. Rb1 Kb8 27. c4 dxc4 28. Rfb2 Qe7 29. Qc3 Qe6 30. Rb4 Rc8 31. a4 Qd5 32.
Rd1 Ka8 33. Rb5 Qc6 34. d5 Qc7 35. Kh1 a6 36. Rb4 Qc5 37. d6 b6 38. Rdb1 Rb7 39.
Qf3 Ka7 40. a5 b5 41. R4b2 Qc6 42. Qf2+ Qc5 43. Qxh4 c3 44. Rc2 b4 45. Rb3 Qc4 0-1

[Event "Late-Titled-Tuesday-Blitz-October-17-2023"]
[Site "Chess.com"]
[Date "2023.10.17"]
[Round "11"]
[White "Yushko_Olga"]
[Black "adrivillu"]
[Result "0-1"]
[WhiteElo "2178"]
[BlackElo "2311"]
[TimeControl "180+1"]
[EndTime "16:01:36 PDT"]
[Termination "adrivillu won by resignation"]

1. d4 e6 2. c4 Nf6 3. Nc3 c5 4. Nf3 cxd4 5. Nxd4 Bb4 6. Bg5 Bxc3+ 7. bxc3 Qa5 8. Nb5 O-O 9. Bxf6 gxf6 10. Qd4 f5 11. e3 a6 12. Nd6 Nc6 13. Qf6 Qe5 14. Qxe5 Nxe5 15. Be2 f6 16. O-O Nf7 17. Nxc8 Rfxc8 18. Rfd1 Rc7 19. Rab1 Kf8 20. Rb6 Ke7 21. Rdb1 Ra7 22.
h3 Ne5 23. R1b4 Kd8 24. f4 Nc6 25. Rb2 Na5 26. R2b4 Ra8 27. Kf2 Rac8 28. g4 fxg4 29. hxg4 Nxc4 30. Bxc4 Rxc4 31. Rxb7 Rxc3 32. Ra4 R3c6 33.
Ra7 Ke7 34. R4xa6 Rxa6 35. Rxa6 Rc1 36. a4 Ra1 37. Ra8 Kf7 38. a5 d5 39. Kf3 e5 40.
fxe5 fxe5 41. Ra7+ Kg6 42. a6 e4+ 43. Kf4 Rf1+ 44. Ke5 Re1 45. Kxd5 Rxe3 46. Kd4 Ra3 47. Kxe4 h5 48. gxh5+ Kxh5 49. Kf5 Ra5+ 50. Kf6 Kg4 51.
Ra8 Kf4 52. a7 Ra6+ 53. Ke7 Ke5 54. Kf7 Kf5 55. Kg8 Kg6 56. Kf8 Kf6 57. Ke8 Ke6 58.
Kd8 Kd6 59. Kc8 Kc6 60. Kb8 Ra1 61. Kc8 Rh1 62. Kd8 Rh8+ 63. Ke7 Rxa8 0-1

[Event "Late-Titled-Tuesday-Blitz-October-17-2023"]
[Site "Chess.com"]
[Date "2023.10.17"]
[Round "11"]
[White "Cristi_Coca"]
[Black "ritanovikova"]
[Result "1-0"]
[WhiteElo "2364"]
[BlackElo "2151"]
[TimeControl "180+1"]
[EndTime "16:01:38 PDT"]
[Termination "Cristi_Coca won by checkmate"]

1. e4 d5 2. exd5 Qxd5 3. Nc3 Qd6 4. d4 Nf6 5. Nge2 a6 6. Bf4 Qb4 7. Qd2 c5 8. dxc5 Qxc5 9. a4 Nc6 10. Be3 Qb4 11. Nd4 Bd7 12. Nb3 O-O-O 13. Bd3 Ne5 14.
Nc5 Nxd3+ 15. Nxd3 Qg4 16. O-O Bc6 17. f3 Qg6 18.
Bf2 e6 19. Qe3 Bd6 20. b4 Qh6 21. Qxh6 gxh6 22. b5 Bd5 23. Nxd5 Nxd5 24. bxa6 bxa6 25. Rab1 Nc3 26. Rb6 Nxa4 27. Rxa6 Nc3 28. Rc6+ Kd7 29. Rxc3 Rc8 30. Rxc8 Rxc8 31. Rc1 Ba3 32. Ra1 Bd6 33. Ra2 Rc3 34. Bd4 Rc4 35. Ne5+ Bxe5 36. Bxe5 Kc6 37. Kf2 Kd5 38. Bf4 h5 39. Be3 e5 40. Ke2 f5 41.
Kd3 Rc8 42. Ra5+ Ke6 43. c4 Rd8+ 44. Ke2 Rc8 45. c5 f4 46. Bf2 Kd5 47. Kd3 Rb8 48.
Ra6 Rb3+ 49. Kc2 Rb4 50. Kc3 Rc4+ 51. Kd3 Rc1 52. Rd6# 1-0

[Event "Late-Titled-Tuesday-Blitz-October-17-2023"]
[Site "Chess.com"]
[Date "2023.10.17"]
[Round "11"]
[White "WPWPWP-2015"]
[Black "Laico"]
[Result "1-0"]
[WhiteElo "2559"]
[BlackElo "2426"]
[TimeControl "180+1"]
[EndTime "16:01:46 PDT"]
[Termination "WPWPWP-2015 won on time"]

1. e4 e6 2. d4 d5 3. Nc3 Nf6 4. e5 Nfd7 5. f4 c5 6. Nf3 Nc6 7. Be3 cxd4 8. Nxd4 Bc5 9. Qd2 O-O 10. O-O-O a6 11. f5 Nxd4 12. Bxd4 Bxd4 13. Qxd4 Qg5+ 14. Kb1 Qxf5 15. Bd3 Qxe5 16. Qh4 h6 17. Rhf1 b5 18. Rde1 Qg5 19. Qf2 Ne5 20. h4 Nxd3 21. cxd3 Qg6 22. Re3 d4 23. Rg3 Qf5 24. Rf3 Qg6 25. Qxd4 Bb7 26.
h5 Qxh5 27. Rg3 e5 28. Qb6 Rab8 29. Qf6 g6 30. Rf5 Qh1+ 31. Rf1 Qh5 32. Ka1 b4 33. Nb1 Rbe8 34. Rf5 Qh2 35. Rh3 Qxh3 36. gxh3 gxf5 37. Qxh6 Re6 38. Qd2 e4 39. dxe4 Bxe4 40. a3 Bxb1 41. Kxb1 bxa3 42. bxa3 Rfe8 43. Qg5+ Rg6 44.
Qxf5 Re2 45. Qf1 Rgg2 46. Qc1 Ra2 47. Qc8+ Kg7 48. Qc3+ Kg8 49. Qe3 1-0

[Event "Late-Titled-Tuesday-Blitz-October-17-2023"]
[Site "Chess.com"]
[Date "2023.10.17"]
[Round "11"]
[White "djano"]
[Black "JSlaby"]
[Result "1/2-1/2"]
[WhiteElo "2675"]
[BlackElo "2599"]
[TimeControl "180+1"]
[EndTime "16:01:49 PDT"]
[Termination "Game drawn - insufficient material"]

1. e4 c5 2. Nc3 Nc6 3. Bb5 g6 4.
Bxc6 bxc6 5. d3 Bg7 6. Be3 d6 7. Qd2 h6 8. f4 Nf6 9. Nf3 Nd7 10. O-O Nf8 11. e5 Ne6 12. d4 cxd4 13. Nxd4 Nxd4 14.
Qxd4 O-O 15. Rae1 Ba6 16. Rf2 dxe5 17. fxe5 Qxd4 18. Bxd4 Rfd8 19. Bc5 Re8 20. Rd2 Bc8 21. Na4 Be6 22. b3 h5 23. c4 Bh6 24. Rd4 Bg7 25.
Kf2 Bf5 26. Rd2 f6 27. e6 Bh6 28. Rd7 Bf8 29. Rxa7 Rxa7 30. Bxa7 Rd8 31. Nc3 Rd6 32. Bc5 Rxe6 33. a4 Rxe1 34. Kxe1 Bc8 35. b4 Kf7 36. Kd2 Bh6+ 37. Kc2 e5 38. b5 cxb5 39. axb5 Bb7 40. g3 h4 41. Bf2 hxg3 42. hxg3 e4 43. c5 e3 44. Be1 Ke6 45. c6 Ba8 46. Kd3 f5 47.
Ne2 Kd5 48. Nf4+ Kc5 49. c7 Bb7 50. Nxg6 Kxb5 51. Ne7 f4 52. gxf4 Bxf4 53. c8=Q Bxc8 54. Nxc8 Bh6 55. Nd6+ Kc6 56. Nf5 Bf4 57. Ke4 Bg5 58.
Bc3 Kb5 59. Be1 Kc4 60. Nxe3+ Bxe3 1/2-1/2

[Event "Late-Titled-Tuesday-Blitz-October-17-2023"]
[Site "Chess.com"]
[Date "2023.10.17"]
[Round "11"]
[White "johnmez"]
[Black "HouseOfDurin"]
[Result "0-1"]
[WhiteElo "2294"]
[BlackElo "2289"]
[TimeControl "180+1"]
[EndTime "16:01:49 PDT"]
[Termination "HouseOfDurin won on time"]

1. d4 Nf6 2. c4 c5 3. d5 b5 4. a4 bxc4 5. Nc3 d6 6. e4 Nbd7 7. Bxc4 g6 8. f4 Bg7 9. Nf3 Qa5 10. Bd2 Ba6 11. Nb5 Qb6 12. Qe2 O-O 13. O-O Bxb5 14. axb5 Qb7 15. Bc3 Nb6 16. Bd3 c4 17. Bxc4 Nxc4 18.
Qxc4 Rfc8 19. Qd3 Rc5 20. Ra5 Rac8 21. Bd4 Nxd5 22. Bxc5 Nxf4 23. Qe3 Rxc5 24. Qxf4 Qb6 25. Ra6 Qxb5 26. Rxa7 Rc8 27. Rxe7 Rf8 28. h3 d5 29. e5 Qc5+ 30. Kh1 Qxe7 31. Qd4 Qe6 32. Rd1 Rd8 33. b4 h6 34. b5 Kh7 35. b6 Rb8 36. Rb1 Qc6 37.
Qb4 Rb7 38. Qb5 Qxb5 39. Rxb5 Bf8 40. Nd4 Be7 41. Rxd5 Rxb6 42. Rd7 Bc5 43. Nf3 Rb1+ 44. Kh2 Be3 45. Rxf7+ Kg8 46. Rf6 Kg7 47. Kg3 Rb4 48.
Re6 g5 0-1

[Event "Late-Titled-Tuesday-Blitz-October-17-2023"]
[Site "Chess.com"]
[Date "2023.10.17"]
[Round "11"]
[White "krzyzan94"]
[Black "karinachess1"]
[Result "0-1"]
[WhiteElo "2769"]
[BlackElo "2637"]
[TimeControl "180+1"]
[EndTime "16:01:53 PDT"]
[Termination "karinachess1 won on time"]

1. e4 e5 2. Nf3 Nc6 3. Bb5 Nf6 4. d3 d6 5. c3 Bd7 6. O-O g6 7. d4 Bg7 8. d5 Ne7 9. Bxd7+ Qxd7 10. Re1 O-O 11.
c4 c6 12. Nc3 a6 13. a4 c5 14.
a5 Kh8 15. h3 Nh5 16. Na4 Qc7 17. Bd2 Rad8 18. Ra3 h6 19. b4 cxb4 20. Bxb4 Qxc4 21.
Qb1 Nf4 22. Bd2 Ne2+ 23. Kh2 Nd4 24. Nxd4 exd4 25. Qxb7 Ng8 26. Qb4 Rc8 27. Nb6 Qxb4 28. Bxb4 Be5+ 29. g3 Rc2 30. Kg2 Rd8 31. Rb3 g5 32.
Ba3 Ne7 33. Rb2 Rc3 34. Bb4 Rc7 35. Rd2 Ng6 36. Ba3 h5 37. Bb2 g4 38. Bxd4 Bxd4 39. Rxd4 Ne5 40. hxg4 hxg4 41. Rdd1 Kg7 42. Rc1 Rxc1 43.
Rxc1 Nf3 44. Kf1 Ne5 45. Ke2 Kf6 46. Rc8 Ke7 47. Rc7+ Kf6 48. Ra7 Rh8 49. Rxa6 Rh1 50. Nc8 Nf3 51. Nxd6 Ke5 52. Nxf7+ Kd4 0-1

[Event "Late-Titled-Tuesday-Blitz-October-17-2023"]
[Site "Chess.com"]
[Date "2023.10.17"]
[Round "11"]
[White "ural58"]
[Black "KaydenTroffChess"]
[Result "1-0"]
[WhiteElo "2547"]
[BlackElo "2797"]
[TimeControl "180+1"]
[EndTime "16:01:56 PDT"]
[Termination "ural58 won by resignation"]

1. e4 c5 2. b3 a6 3. d4 cxd4 4. Qxd4 Nc6 5. Qd2 Nf6 6. Nc3 e6 7. Bb2 Bb4 8. f3 d5 9. a3 Bxc3 10. Bxc3 d4 11. Bb2 e5 12. c3 Be6 13. cxd4 exd4 14.
Ne2 Qb6 15. b4 Rd8 16. Nf4 O-O 17. Nxe6 fxe6 18. Bc4 Ne5 19. Bb3 Nxe4 20. fxe4 Rf3 21. gxf3 Nxf3+ 22. Ke2 Nxd2 23. Kxd2 a5 24. Rac1 axb4 25.
a4 Kh8 26. Rc4 e5 27. Kc2 Qg6 28. Re1 d3+ 29. Kb1 Qh5 30. Rd1 Qxh2 31. Rxd3 Rf8 32.
Rxb4 h5 33. Rxb7 h4 34. Rdd7 Rf1+ 35. Ka2 Rg1 36. Rd8+ Kh7 37. Bg8+ Kh6 38. Rd6+ Kh5 39. Bf7+ Kg4 40. Rg6+ Kf4 41. Rxg1 Qxg1 42. Rb5 Qf2 43.
Rxe5 Qxb2+ 44. Kxb2 Kxe5 45. Bh5 Kxe4 46. Bg4 Kf4 47. Bc8 g5 48. a5 g4 49. a6 g3 50.
Bh3 g2 51. Bxg2 Kg3 52. Bd5 Kh2 53. a7 h3 54. a8=Q Kg3 55. Qb8+ Kf2 56. Qh2+ Ke3 57. Qxh3+ Kd4 58. Qc3+ Kxd5 59. Kb3 1-0

[Event "Late-Titled-Tuesday-Blitz-October-17-2023"]
[Site "Chess.com"]
[Date "2023.10.17"]
[Round "11"]
[White "giomar27"]
[Black "Smiechu"]
[Result "0-1"]
[WhiteElo "2357"]
[BlackElo "2520"]
[TimeControl "180+1"]
[EndTime "16:01:57 PDT"]
[Termination "Smiechu won on time"]

1. a3 e5 2. e3 d5 3. d4 Nc6 4. Nf3 exd4 5. exd4 Nf6 6. Bb5 Bd6 7. O-O O-O 8. h3 Bf5 9. Bg5 h6 10. Bh4 Be7 11.
Bxc6 bxc6 12. Ne5 Qd6 13. Bg3 Qe6 14. Re1 Ne4 15. Bh2 Bh4 16. g3 Bf6 17. g4 Bh7 18. f3 Ng5 19. Nd2 Qc8 20. h4 Ne6 21. Nxc6 Bxh4 22.
Bg3 Qb7 23. Bxh4 Qxc6 24. c3 Nf4 25. Nf1 Rfe8 26. Qd2 Nd3 27. Rxe8+ Rxe8 28. Ne3 Qe6 29.
Bf2 Nf4 30. Re1 Nh3+ 31. Kg2 Nxf2 32. Kxf2 Qd6 33. Ng2 Rb8 34. b4 Bg6 35. Qf4 Qc6 36.
Re3 a5 37. Qe5 axb4 38. axb4 Ra8 39. Nf4 Ra2+ 40. Kg3 Ra8 41. Nxd5 Qa4 42. Ne7+ Kh7 43.
Nf5 Bxf5 44. Qxf5+ Kg8 45. Qc5 Qd1 46. Qe5 Qg1+ 47.
Kh3 Qf1+ 48. Kh2 Ra2+ 49. Kg3 Qg1+ 50. Kf4 Qh2+ 51. Ke4 Qc2+ 52. Kf4 g5+ 0-1

[Event "Late-Titled-Tuesday-Blitz-October-17-2023"]
[Site "Chess.com"]
[Date "2023.10.17"]
[Round "11"]
[White "MikaelyanArman"]
[Black "Sanan_Sjugirov"]
[Result "1-0"]
[WhiteElo "2910"]
[BlackElo "2941"]
[TimeControl "180+1"]
[EndTime "16:02:02 PDT"]
[Termination "MikaelyanArman won on time"]

1. d4 Nf6 2. c4 e6 3. Nf3 b6 4. g3 Bb7 5. Bg2 Bb4+ 6. Nbd2 O-O 7. O-O a5 8. Qc2 Bxd2 9. Bxd2 Be4 10. Qb3 d6 11. Rac1 Nbd7 12. Rfd1 h6 13. Bh3 Qe7 14. Qe3 Rfe8 15. Bc3 Bb7 16. b3 a4 17. Nd2 axb3 18.
axb3 Ra2 19. Ra1 Rea8 20. Rxa2 Rxa2 21. Ra1 Rxa1+ 22. Bxa1 Qe8 23. Bb2 Qa8 24. Qd3 Ne4 25.
Nxe4 Bxe4 26. Qc3 Nf6 27. f3 Bb7 28. e4 Qa2 29. Bf1 Nd7 30. b4 Qa4 31. b5 e5 32.
dxe5 dxe5 33. Qd2 Bc8 34. Bh3 Qb3 35. Bf5 h5 36. Kg2 Qxc4 37. Ba3 Qxb5 38. Be7 Qc6 39. Qa2 b5 40. Qa7 g6 41. Bh3 Kg7 42. Bg5 Nb6 43.
Bxc8 Nxc8 44. Qb8 Qd7 45. Qb7 Nd6 46. Qd5 Qe6 47. Qc5 Qa2+ 48. Kh3 Qe6+ 49. Kg2 b4 50.
Qxc7 b3 51. Qb6 f6 52. Be3 Kf7 53. Qc7+ Ke8 54. Qb8+ Kd7 55. Bc5 Nc4 56. Qb7+ Kd8 57. Bb4 1-0

[Event "Late-Titled-Tuesday-Blitz-October-17-2023"]
[Site "Chess.com"]
[Date "2023.10.17"]
[Round "11"]
[White "elprimo2012mortis"]
[Black "TigrVShlyape"]
[Result "0-1"]
[WhiteElo "2695"]
[BlackElo "2818"]
[TimeControl "180+1"]
[EndTime "16:02:02 PDT"]
[Termination "TigrVShlyape won on time"]

1. e4 c5 2. Nf3 e6 3. c3 Nf6 4. e5 Nd5 5. Bc4 b6 6. d4 Bb7 7. h4 h6 8. Rh3 Na6 9. Nbd2 Nac7 10.
Rg3 cxd4 11. cxd4 Ba6 12. Bxa6 Nxa6 13. Ne4 g6 14. Bd2 Rc8 15. Rc1 Rxc1 16. Qxc1 Qc7 17.
Qxc7 Naxc7 18. a4 Na6 19. Nd6+ Bxd6 20. exd6 Nb8 21. b4 Nc6 22. b5 Nd8 23. Bc1 Nb7 24. Ba3 Rg8 25. Ne5 g5 26. hxg5 hxg5 27. Rh3 f6 28. Ng4 Na5 29. Rh7 Nc4 30. Bb4 Rf8 31. Bc5 bxc5 32. dxc5 Kd8 33. c6 Ndb6 34. Nxf6 Nxd6 35.
Nxd7 Rf7 36. Rh8+ Kc7 37. Nc5 Ndc4 38. Nxe6+ Kd6 39. Nxg5 Re7+ 40. Kf1 Nxa4 41. f3 Nc3 42. Rd8+ Kc7 43. Ra8 Nxb5 44. Ne4 Nb6 45. Rf8 Kxc6 46.
g4 Nd5 47. g5 Nd4 48. Kf2 a5 49. Ra8 Kb6 50. Kg3 Nf5+ 51. Kg4 Nfe3+ 52. Kg3 Kb5 53. Nd6+ Kb4 54. g6 Re6 55. Rb8+ Ka4 56. g7 Rg6+ 57. Kf2 Rxg7 58. Ne4 Rc7 59. Ke2 Ka3 60. Kd3 a4 61. f4 Nc4 62. f5 Nb4+ 63. Kd4 Nc6+ 0-1